AoeStats
← BigOleGiraffe

Arena

510051584Analyzed
2v2 RM · 4d ago on Sep 29, 2026· 29m 52s· 4 players
Game mode
Random Map
Map size
Medium (4 player)
Population
200
Speed
Normal
Resources
Standard
Victory
Conquest
Starting age
Dark Age
Ending age
Imperial Age
RankedLock teamsTeams togetherTeam positionsShared explorationLock speedFull tech treeHidden civsTurbo modeCheats
Victory
Defeat
🇹🇼 Spanish · Taiwan
975
+17
🇪🇬 Japanese · Egypt
915
+19
🇨🇦 Varangians · Canada
1037
-19
🇨🇦 Danes · Canada
952
-17
艾斯
0:26 Loom
12:34 Feudal Age
16:19 Castle Age
15:57 Double-Bit Axe
15:55 Horse Collar
22:28 Fletching
25:20 Bodkin Arrow
25:26 Padded Archer Armor
26:21 Husbandry
28:23 Bloodlines
Hazem
0:58 Loom
12:02 Feudal Age
18:07 Castle Age
20:02 Wheelbarrow
19:28 Double-Bit Axe
22:38 Horse Collar
28:21 Thumb Ring
30:28 Heavy Plow
BigOleGiraffe
2:15 Loom
9:57 Feudal Age
14:12 Castle Age
12:59 Double-Bit Axe
14:03 Horse Collar
15:57 Fletching
20:48 Padded Archer Armor
20:50 Bodkin Arrow
22:21 Padded Archer Armor
23:51 Ballistics
vince.dion123
10:52 Feudal Age
14:55 Castle Age
13:25 Double-Bit Axe
13:52 Loom
14:27 Horse Collar
26:23 Heavy Plow
27:03 Town Watch
Connection lost

Rejoining the realm…

Still unreachable

The connection could not be restored.

Session expired

The server has moved on; the page needs a fresh start.